SR
STATEN ISLAND PIZZA RATS @ PHOENIX HOTSPUR ACADEMY
06/08/2034
 
TOP OF THE 1ST
Staten Island Pizza Rats batting - Pitching for Phoenix Hotspur Academy : RHP Jeff Cook
Pitching: RHP Jeff Cook
Batting: LHB Wilson Sabadodíaz 0-0: Ball
1-0: Ball
2-0: Ball
3-0: Called Strike
3-1: Foul Ball, location: 2F
3-2: Base on Balls
Batting: RHB Curt Rovira 0-0: Swinging Strike
0-1: Called Strike
0-2: Ball
1-2: Strikes out swinging
Batting: LHB Ismael Soto 0-0: Swinging Strike
0-1: Ball
1-1: Ball
2-1: SINGLE (Groundball, 13) (infield hit)
Wilson Sabadodíaz to second
Batting: SHB Chris Piña 0-0: Foul Ball, location: 2F
0-1: Fly out, F8 (Flyball, 8LM)
Batting: LHB Puck Schit 0-0: Ball
1-0: Ground out 4-3 (Groundball, 4)
Top of the 1st over - 0 runs, 1 hit, 0 errors, 2 left on base; Staten Island 0 - Phoenix 0
BOTTOM OF THE 1ST
Phoenix Hotspur Academy batting - Pitching for Staten Island Pizza Rats : LHP Ramon Wuilink
Pitching: LHP Ramon Wuilink
Batting: RHB Brad Lamb 0-0: Ball
1-0: Swinging Strike
1-1: Swinging Strike
1-2: Foul Ball, location: 2F
1-2: Strikes out swinging
Batting: RHB Paco González 0-0: Ball
1-0: Ball
2-0: SINGLE (Flyball, 8RS)
Batting: RHB Brit Davis 0-0: Foul Ball, location: 2F
0-1: Ball
1-1: Ball
Wild Pitch!
Paco González to second
2-1: Foul Ball, location: 2F
2-2: Fly out, F4 (Popup, 4)
Batting: RHB Nathan Pruitt 0-0: Ball
1-0: Called Strike
1-1: Ball
2-1: Called Strike
2-2: Ball
3-2: Base on Balls
Batting: RHB Hal Larson 0-0: Foul Ball, location: 2F
0-1: Swinging Strike
0-2: Strikes out swinging
Bottom of the 1st over - 0 runs, 1 hit, 0 errors, 2 left on base; Staten Island 0 - Phoenix 0
TOP OF THE 2ND
Staten Island Pizza Rats batting - Pitching for Phoenix Hotspur Academy : RHP Jeff Cook
Batting: RHB Brock Waxley 0-0: Ball
1-0: Ball
2-0: Foul Ball, location: 2F
2-1: Ball
3-1: Called Strike
3-2: Ground out 5-3 (Groundball, 56)
Batting: RHB Jack Lynch 0-0: Fly out, F9 (Flyball, 9LDF)
Batting: RHB Albert McBride 0-0: Foul Ball, location: 2F
0-1: Ball
1-1: Called Strike
1-2: Ball
2-2: Foul Ball, location: 2F
2-2: Strikes out swinging
Top of the 2nd over - 0 runs, 0 hits, 0 errors, 0 left on base; Staten Island 0 - Phoenix 0
BOTTOM OF THE 2ND
Phoenix Hotspur Academy batting - Pitching for Staten Island Pizza Rats : LHP Ramon Wuilink
Batting: RHB Frank Ray 0-0: Ball
1-0: Ball
2-0: Ground out 5-3 (Groundball, 56)
Batting: RHB Jesse McCoy 0-0: Ball
1-0: Ball
2-0: Ground out 6-3 (Groundball, 6)
Now at SS: Ricardo Gonzáles
Batting: RHB Felipe Hernández 0-0: Ball
1-0: Called Strike
1-1: Ground out 1-3 (Groundball, P)
Bottom of the 2nd over - 0 runs, 0 hits, 0 errors, 0 left on base; Staten Island 0 - Phoenix 0
TOP OF THE 3RD
Staten Island Pizza Rats batting - Pitching for Phoenix Hotspur Academy : RHP Jeff Cook
Batting: LHB Carlos Sánchez 0-0: Foul Ball, location: 2F
0-1: Ball
1-1: Foul Ball, location: 2F
1-2: Ground out 6-3 (Groundball, 6S)
Batting: LHB Wilson Sabadodíaz 0-0: Foul Ball, location: 2F
0-1: Ball
1-1: Ground out 5-3 (Groundball, 5)
Batting: RHB Curt Rovira 0-0: Ball
1-0: Swinging Strike
1-1: Swinging Strike
1-2: Ball
2-2: Foul Ball, location: 2F
2-2: Ground out 6-3 (Groundball, 6)
Top of the 3rd over - 0 runs, 0 hits, 0 errors, 0 left on base; Staten Island 0 - Phoenix 0
BOTTOM OF THE 3RD
Phoenix Hotspur Academy batting - Pitching for Staten Island Pizza Rats : LHP Ramon Wuilink
Batting: LHB Daniel Joseph 0-0: Ball
1-0: Called Strike
1-1: Ball
2-1: Called Strike
2-2: Ball
3-2: Strikes out looking
Batting: RHB Brad Lamb 0-0: Called Strike
0-1: Ball
1-1: Swinging Strike
1-2: Foul Ball, location: 2F
1-2: Ball
2-2: Ground out U3 (Groundball, 34S)
Batting: RHB Paco González 0-0: Ball
1-0: Ball
2-0: Ball
3-0: Base on Balls
Batting: RHB Brit Davis 0-0: Foul Ball, location: 2F
0-1: Ball
1-1: Ball
2-1: Fly out, F8 (Flyball, 89D)
Bottom of the 3rd over - 0 runs, 0 hits, 0 errors, 1 left on base; Staten Island 0 - Phoenix 0
TOP OF THE 4TH
Staten Island Pizza Rats batting - Pitching for Phoenix Hotspur Academy : RHP Jeff Cook
Batting: LHB Ismael Soto 0-0: Called Strike
0-1: Fly out, F7 (Flyball, 7D)
Batting: SHB Chris Piña 0-0: Ball
1-0: Called Strike
1-1: Foul Ball, location: 2F
1-2: Ball
2-2: Foul Ball, location: 2F
2-2: Foul Ball, location: 2F
2-2: Foul Ball, location: 2F
2-2: Foul Ball, location: 2F
2-2: Fly out, F8 (Flyball, 8RS)
Batting: LHB Puck Schit 0-0: Called Strike
0-1: Swinging Strike
0-2: Strikes out swinging
Top of the 4th over - 0 runs, 0 hits, 0 errors, 0 left on base; Staten Island 0 - Phoenix 0
BOTTOM OF THE 4TH
Phoenix Hotspur Academy batting - Pitching for Staten Island Pizza Rats : LHP Ramon Wuilink
Batting: RHB Nathan Pruitt 0-0: Foul Ball, location: 2F
0-1: Ball
1-1: Swinging Strike
1-2: SINGLE (Groundball, 56D)
Batting: RHB Hal Larson 0-0: Foul Ball, location: 2F
0-1: Foul Ball, location: 2F
0-2: Ball
1-2: Ball
2-2: Ball
3-2: Grounds into double play, 6-4-3 (Groundball, 6M)
Batting: RHB Frank Ray 0-0: Ball
1-0: Ball
2-0: Foul Ball, location: 2F
2-1: Called Strike
2-2: Foul Ball, location: 2F
2-2: Foul Ball, location: 2F
2-2: Ball
3-2: Ground out 5-3 (Groundball, 56)
Bottom of the 4th over - 0 runs, 1 hit, 0 errors, 0 left on base; Staten Island 0 - Phoenix 0
TOP OF THE 5TH
Staten Island Pizza Rats batting - Pitching for Phoenix Hotspur Academy : RHP Jeff Cook
Batting: RHB Brock Waxley 0-0: Ball
1-0: Called Strike
1-1: Foul Ball, location: 2F
1-2: Foul Ball, location: 2F
1-2: SINGLE (Line Drive, 6D)
Pitching: RHP Brenton Gunter
Batting: LHB Ricardo Gonzáles 0-0: Bunt missed!
0-1: Bunted foul
0-2: Ball
1-2: Strikes out looking
Batting: RHB Albert McBride 0-0: Grounds into double play, 4-6-3 (Groundball, 4M)
Top of the 5th over - 0 runs, 1 hit, 0 errors, 0 left on base; Staten Island 0 - Phoenix 0
BOTTOM OF THE 5TH
Phoenix Hotspur Academy batting - Pitching for Staten Island Pizza Rats : LHP Ramon Wuilink
Batting: RHB Jesse McCoy 0-0: Ball
1-0: Ground out 4-3 (Groundball, 4)
Batting: RHB Felipe Hernández 0-0: SINGLE (Groundball, 56D)
Batting: LHB Daniel Joseph 0-0: Called Strike
0-1: Called Strike
0-2: Foul Ball, location: 2F
0-2: Strikes out swinging
Batting: RHB Brad Lamb 0-0: Called Strike
0-1: Ball
1-1: Foul Ball, location: 2F
1-2: Foul Ball, location: 2F
1-2: Foul Ball, location: 2F
1-2: Foul Ball, location: 2F
1-2: Fielders Choice at 2nd, 5-4 (Groundball, 56)
Bottom of the 5th over - 0 runs, 1 hit, 0 errors, 1 left on base; Staten Island 0 - Phoenix 0
TOP OF THE 6TH
Staten Island Pizza Rats batting - Pitching for Phoenix Hotspur Academy : RHP Brenton Gunter
Batting: LHB Carlos Sánchez 0-0: Swinging Strike
0-1: Ground out U3 (Groundball, 3)
Batting: LHB Wilson Sabadodíaz 0-0: Called Strike
0-1: Ball
1-1: Swinging Strike
1-2: Ball
2-2: Ball
3-2: Base on Balls
Batting: RHB Curt Rovira 0-0: Ball
1-0: Ground out 6-3 (Groundball, 6S)
Wilson Sabadodíaz to second
Batting: LHB Ismael Soto 0-0: Swinging Strike
0-1: Called Strike
0-2: Foul Ball, location: 2F
0-2: Foul Ball, location: 2F
0-2: Strikes out swinging, 2-3 out at first.
Top of the 6th over - 0 runs, 0 hits, 0 errors, 1 left on base; Staten Island 0 - Phoenix 0
BOTTOM OF THE 6TH
Phoenix Hotspur Academy batting - Pitching for Staten Island Pizza Rats : LHP Ramon Wuilink
Batting: RHB Paco González 0-0: Ball
1-0: SOLO HOME RUN (Flyball, 7LD), Distance : 355 ft
Batting: RHB Brit Davis 0-0: Ball
1-0: Called Strike
1-1: Ball
2-1: SINGLE (Line Drive, 9S)
Batting: RHB Nathan Pruitt 0-0: Ball
1-0: Called Strike
1-1: Ball
2-1: Foul Ball, location: 2F
2-2: SINGLE (Groundball, 56D)
Brit Davis to second
Batting: RHB Hal Larson 0-0: Ball
1-0: Called Strike
1-1: Called Strike
1-2: Foul Ball, location: 2F
1-2: Ball
2-2: Ball
3-2: Foul Ball, location: 2F
3-2: Strikes out looking
Batting: RHB Frank Ray 0-0: SINGLE (Groundball, 6MD)
Brit Davis to third
Nathan Pruitt to second
Batting: RHB Jesse McCoy 0-0: Fly out, F7 (Flyball, 7)
Runner from 3rd tags up, SCORES, no throw
Batting: RHB Felipe Hernández 0-0: Ball
1-0: Ball
2-0: Ball
3-0: Called Strike
3-1: Ground out U3 (Groundball, 3)
Bottom of the 6th over - 2 runs, 4 hits, 0 errors, 2 left on base; Staten Island 0 - Phoenix 2
TOP OF THE 7TH
Staten Island Pizza Rats batting - Pitching for Phoenix Hotspur Academy : RHP Brenton Gunter
Batting: SHB Chris Piña 0-0: Called Strike
0-1: Ball
1-1: Foul Ball, location: 2F
1-2: Ball
2-2: Ball
3-2: Strikes out swinging
Batting: LHB Puck Schit 0-0: Called Strike
0-1: Swinging Strike
0-2: Strikes out swinging
Batting: RHB Brock Waxley 0-0: Called Strike
0-1: Ball
1-1: Swinging Strike
1-2: Strikes out swinging
Top of the 7th over - 0 runs, 0 hits, 0 errors, 0 left on base; Staten Island 0 - Phoenix 2
BOTTOM OF THE 7TH
Phoenix Hotspur Academy batting - Pitching for Staten Island Pizza Rats : LHP Ramon Wuilink
Batting: LHB Daniel Joseph 0-0: Ball
1-0: Ball
2-0: Called Strike
2-1: Foul Ball, location: 2F
2-2: Foul Ball, location: 2F
2-2: Strikes out swinging
Batting: RHB Brad Lamb 0-0: Fly out, F6 (Line Drive, 6)
Batting: RHB Paco González 0-0: Ball
1-0: Swinging Strike
1-1: Ball
2-1: DOUBLE (Line Drive, 7LD)
Pitching: RHP Pi-ao Shu
Batting: RHB Brit Davis 0-0: Ball
1-0: Ball
2-0: Ball
3-0: Base on Balls
Batting: RHB Nathan Pruitt 0-0: Called Strike
0-1: Ball
1-1: Fly out, F7 (Flyball, 7LSF)
Bottom of the 7th over - 0 runs, 1 hit, 0 errors, 2 left on base; Staten Island 0 - Phoenix 2
TOP OF THE 8TH
Staten Island Pizza Rats batting - Pitching for Phoenix Hotspur Academy : RHP Brenton Gunter
Batting: LHB Ricardo Gonzáles 0-0: Ball
1-0: Swinging Strike
1-1: Called Strike
1-2: Foul Ball, location: 2F
1-2: Ball
2-2: Fly out, F9 (Flyball, 9)
Batting: RHB Albert McBride 0-0: Ball
1-0: DOUBLE (Line Drive, 7LD) - OUT at third base trying to stretch hit.
Batting: LHB Carlos Sánchez 0-0: Ball
1-0: Ground out 4-3 (Groundball, 4)
Top of the 8th over - 0 runs, 1 hit, 0 errors, 0 left on base; Staten Island 0 - Phoenix 2
BOTTOM OF THE 8TH
Phoenix Hotspur Academy batting - Pitching for Staten Island Pizza Rats : RHP Pi-ao Shu
Batting: RHB Hal Larson 0-0: Called Strike
0-1: Ball
1-1: SINGLE (Line Drive, 8LS)
Batting: RHB Frank Ray 0-0: Ball
1-0: Bunted foul
1-1: Bunted foul
1-2: SINGLE (Line Drive, 34D)
Hal Larson to second
Pinch Hitting: RHB Ronnie Wise 0-0: Ball
1-0: Fly out, F7 (Line Drive, 7S)
Batting: RHB Felipe Hernández 0-0: Ball
1-0: Ball
2-0: Foul Ball, location: 2F
2-1: SINGLE (Groundball, 2R) (infield hit)
Hal Larson to third
Frank Ray to second
Batting: LHB Daniel Joseph 0-0: Called Strike
0-1: Ball
1-1: Swinging Strike
1-2: Strikes out swinging
Batting: RHB Brad Lamb 0-0: Foul Ball, location: 2F
0-1: SINGLE (Groundball, 6D)
Hal Larson scores
Frank Ray to third
Felipe Hernández to second
Runner from 3rd tries for Home, SAFE, no throw
Batting: RHB Paco González 0-0: Called Strike
0-1: Called Strike
0-2: Ball
1-2: Strikes out swinging
Bottom of the 8th over - 2 runs, 4 hits, 0 errors, 2 left on base; Staten Island 0 - Phoenix 4
TOP OF THE 9TH
Staten Island Pizza Rats batting - Pitching for Phoenix Hotspur Academy : RHP Brenton Gunter
Pitching: RHP Ernesto García
Now in LF: Ben Tyler
Batting: LHB Wilson Sabadodíaz 0-0: Ball
1-0: Ball
2-0: Ball
3-0: Called Strike
3-1: Foul Ball, location: 2F
3-2: Fly out, F9 (Line Drive, 89M)
Batting: RHB Curt Rovira 0-0: Foul Ball, location: 2F
0-1: Foul Ball, location: 2F
0-2: Ball
1-2: Ball
2-2: Strikes out swinging
Batting: LHB Ismael Soto 0-0: Called Strike
0-1: Ball
1-1: Foul Ball, location: 2F
1-2: Ball
2-2: Ball
3-2: Base on Balls
Batting: SHB Chris Piña 0-0: Called Strike
0-1: Called Strike
0-2: Ball
1-2: Foul Ball, location: 2F
1-2: Ball
2-2: Strikes out swinging
Top of the 9th over - 0 runs, 0 hits, 0 errors, 1 left on base; Staten Island 0 - Phoenix 4
Friday, March 29th, 2019 - OOTP Baseball 18.8 Build 76